 Dungeon Crawl Stone Soup version 0.28-a0-511-gcc94558de3 (webtiles) character file.

Game seed: 4881229637089307675

121 siradein the Slasher (level 4, 0/35 HPs)
             Began as a Demonspawn Gladiator on Sept 22, 2021.
             Blown up by Ijyb (31 damage)
             ... with a mindburst bolt
             ... on level 3 of the Dungeon.
             The game lasted 00:06:13 (2974 turns).

siradein the Slasher (Demonspawn Gladiator)         Turns: 2974, Time: 00:06:14

Health: 0/35       AC: 13    Str: 14    XL:     4   Next: 77%
Magic:  4/4        EV:  7    Int:  9    God:
Gold:   116        SH:  0    Dex: 16    Spells: 3/3 levels left

rFire   . . .      SeeInvis .   a - +0 long sword
rCold   . . .      Faith    .   (no shield)
rNeg    . . .      Spirit   .   g - +1 chain mail {Will+}
rPois   .          Reflect  .   c - +0 helmet
rElec   .          Harm     .   (no cloak)
rCorr   .          Rampage  .   p - +0 pair of gloves
Will    +....                   (no boots)
Stlth   ..........              (no amulet)
HPRegen 0.11/turn               (no ring)
MPRegen 0.09/turn               (no ring)

@: no status effects
A: molten scales 1, demonic guardian 2
a: no special abilities


You were on level 3 of the Dungeon.
You visited 1 branch of the dungeon, and saw 4 of its levels.

You collected 116 gold pieces.

Inventory:

Hand Weapons
 a - a +0 long sword (weapon)
 f - a +0 hunting sling
Missiles
 d - 3 throwing nets (quivered)
 e - 73 stones
 o - 19 sling bullets
Armour
 c - a +0 helmet (worn)
 g - a +1 chain mail of willpower (worn)
 p - a +0 pair of gloves (worn)
Scrolls
 h - a scroll of blinking {unknown}
 m - a scroll of vulnerability {unknown}
 n - a scroll of magic mapping {unknown}
Potions
 b - a potion of degeneration {unknown}
 i - 2 potions of attraction {unknown}
 j - 2 potions of brilliance {unknown}
 k - a potion of mutation {unknown}
 l - 2 potions of might {unknown}


   Skills:
 + Level 3.0 Fighting
 + Level 3.4 Long Blades
 + Level 2.7 Throwing
 + Level 3.4 Dodging


You had 3 spell levels left.
You didn't know any spells.
Your spell library was empty.

Dungeon Overview and Level Annotations

Branches:
Dungeon (4/15)
 Temple: D:4-7

Altars:
Kikubaaqudgha
Nemelex Xobeh

Shops:
D:2 (

Annotations:
D:3 Ijyb
D:4 Dowan, Duvessa


Innate Abilities, Weirdness & Mutations

You are partially covered in molten scales. (AC +2)
A demonic guardian rushes to your aid.


Message History

The hobgoblin completely misses you.
You hit the hobgoblin but do no damage.
Duvessa says, "Where magic fails, the sword succeeds!"
The endoplasm freezes you.
You are frozen.
The hobgoblin barely misses you.
You hit the hobgoblin.
The hobgoblin is severely wounded.
The endoplasm freezes you.
You are frozen.
The hobgoblin hits you but does no damage.
You hit the hobgoblin.
You kill the hobgoblin!
The endoplasm freezes you.
You are frozen.
The endoplasm freezes you.
You are frozen.
There is a stone staircase leading up here.
The endoplasm freezes you.
You are frozen.
You climb upwards.
Level annotation: Ijyb
There is a stone staircase leading down here.
You hit the endoplasm.
The endoplasm is heavily wounded.
The endoplasm hits you.
The endoplasm hits you but does no damage.
You hit the endoplasm but do no damage.
The endoplasm is heavily wounded.
The endoplasm hits you but does no damage.
You slash the endoplasm!
You kill the endoplasm!
You start resting.
Ijyb is nearby!
Ijyb shouts!
Ijyb screams, "Get away!"
Ijyb throws a stone.
The stone hits you.
Ijyb throws a stone.
The stone hits you but does no damage.
Ijyb zaps a wand.
Your mind is blasted!
Ouch! That really hurt!
You die...

##### #...#
##############.#.##
#.......@......#..#######
#g#.#######....#.........
#.#.# #...#######...###
#.#.# #.#....#....#.#
#.#.# #.####.#.####.#
#.#.# # #.#.# #.# ##g#.#
#.<.# #.#
#######..#.#####.#
##...###.#
#.................
......#.#


You could see Ijyb.

Vanquished Creatures
  7 adders
  2 worms
  A dart slug (D:2)
  An orc (D:3)
  7 endoplasms
  5 giant cockroaches
  3 goblins
  5 hobgoblins
  3 jackals (D:3)
  4 kobolds
  3 ball pythons (D:1)
  3 bats
  2 frilled lizards
  3 rats
49 creatures vanquished.

Notes
Turn   | Place    | Note
-------+----------+-------------------------------------------
     0 | D:1      | siradein the Demonspawn Gladiator began the quest for the
                  | Orb.
     0 | D:1      | Reached XP level 1. HP: 16/16 MP: 1/1
   524 | D:1      | Gained mutation: You are partially covered in molten
                  | scales. (AC +2) [demonic ancestry]
   524 | D:1      | Reached XP level 2. HP: 22/22 MP: 2/2
   709 | D:1      | Found a faded altar of an unknown god.
  1376 | D:2      | Gained mutation: A weak demonic guardian rushes to your
                  | aid. [demonic ancestry]
  1376 | D:2      | Reached XP level 3. HP: 19/28 MP: 3/3
  1987 | D:2      | Found Pushyiwn's Antique Weapon Boutique.
  2282 | D:3      | Noticed Ijyb
  2286 | D:2      | Gained mutation: A demonic guardian rushes to your aid.
                  | [demonic ancestry]
  2286 | D:2      | Reached XP level 4. HP: 29/34 MP: 4/4
  2618 | D:3      | Found an ancient bone altar of Kikubaaqudgha.
  2625 | D:3      | Found a sparkling altar of Nemelex Xobeh.
  2847 | D:4      | Noticed Duvessa
  2847 | D:4      | Noticed Dowan
  2974 | D:3      | Blown up by Ijyb

Illustrated notes

Levels and vault maps discovered:
D:1:      wheals_arrival_shading, layout_loops_corners,
          shapermc_ecumenical_altar_mp_vishouse, kennysheep_small_spiral
D:2:      layout_basic, serial_shops, shop, minmay_statues_item
D:3:      layout_loops_ring, minitemple, uniq_ijyb
D:4:      layout_rooms, lightli_temple_of_fire, uniq_duvessa

Skill      XL: |  1  2  3  4 |
---------------+-------------+-----
Throwing       | 2 |  2.7
Long Blades    | 3 |  3.4
Dodging        | 3 |  3.4
Fighting       | 3 |  3.0

Action                   |  1- 3 |  4- 6 || total
-------------------------+-------+-------++-------
Melee: Long sword        |   101 |    60 ||   161
 Fire: Hunting sling     |     3 |       ||     3
 Stab: Sleeping          |     1 |       ||     1
Armor: Leather armour    |     7 |       ||     7
       Chain mail        |    51 |    51 ||   102
Dodge: Dodged            |    50 |    24 ||    74

Table legend: (Time is in decaauts)
 A = Elapsed time spent in this place.
 B = Non-inter-level travel time spent in this place.
 C = Inter-level travel time spent in this place.
 D = Time resting spent in this place.
 E = Time spent auto-exploring this place.
 F = Levels seen in this place.
 G = Mean time per level.
                   A        B        C        D        E       F      G
               +--------+--------+--------+--------+--------+-----+--------+
         Total |   3015 |   2912 |    103 |    281 |   1786 |   4 |  753.8 |
       Dungeon |   3015 |   2912 |    103 |    281 |   1786 |   4 |  753.8 |
               +--------+--------+--------+--------+--------+-----+--------+

Top non-repeatable levels by time:
     D:1: 1377 daAuts
     D:2: 1030 daAuts
     D:3: 598 daAuts
     D:4: 8 daAuts
